 Dungeon Crawl Stone Soup version 0.27.0-1-g7a089689b8 (webtiles) character file.

Game seed: 8350281475494054205

609 SnakkuSnakku7 the Chopper (level 7, -3/39 HPs)
             Began as a Vine Stalker Berserker on Aug 11, 2021.
             Was a Priest of Trog.
             Killed from afar by an orc wizard (7 damage)
             ... with a magic dart
             ... on level 5 of the Dungeon.
             The game lasted 00:03:25 (3208 turns).

SnakkuSnakku7 the Chopper (Vine Stalker Berserker)  Turns: 3208, Time: 00:03:26

Health: -3/39      AC:  8    Str: 27    XL:     7   Next: 43%
Magic:  0/17       EV: 10    Int:  7    God:    Trog [***...]
Gold:   258        SH:  0    Dex: 14    Spells: 6/6 levels left

rFire    . . .     SeeInvis .   a - +0 war axe
rCold    . . .     Faith    .   (no shield)
rNeg     . . .     Spirit   +   k - +0 scale mail
rPois    .         Reflect  .   (no helmet)
rElec    .         Harm     .   (no cloak)
rCorr    .         Rampage  .   (no gloves)
Will     ++...                  m - +1 pair of boots
Stlth    ..........             (no amulet)
HPRegen  2.13/turn              p - ring of magical power
MPRegen  0.15/turn              o - +6 ring of strength

@: lethally poisoned (-3 -> -3), strong-willed, on berserk cooldown,
regenerating
A: fangs 2, regeneration 1, magic shield, antimagic bite, no potion heal 2
a: Renounce Religion, Berserk, Trog's Hand


You were on level 5 of the Dungeon.
You worshipped Trog.
Trog was most pleased with you.
You visited 1 branch of the dungeon, and saw 5 of its levels.

You collected 258 gold pieces.

Inventory:

Hand Weapons
 a - a +0 war axe (weapon)
 r - a +1 vampiric hand axe
Armour
 b - a +0 animal skin
 k - a +0 scale mail (worn)
 m - a +1 pair of boots (worn)
Jewellery
 o - a +6 ring of strength (right hand)
 p - a ring of magical power (left hand)
Wands
 h - a wand of acid (6)
Scrolls
 c - a scroll of enchant weapon {unknown}
 d - 11 scrolls of identify {unknown}
 f - a scroll of teleportation {unknown}
 g - a scroll of enchant armour {unknown}
 i - 2 scrolls of fear {unknown}
 n - a scroll of magic mapping {unknown}
 q - 2 scrolls of brand weapon {unknown}
Potions
 e - 2 potions of brilliance {unknown}
 j - a potion of heal wounds {unknown}
 l - a potion of lignification {unknown}
 s - a potion of degeneration {unknown}


   Skills:
 - Level 5.0 Fighting
 + Level 6.3 Axes
 - Level 1.5 Armour
 - Level 1.5 Dodging


You had 6 spell levels left.
You didn't know any spells.
Your spell library was empty.

Dungeon Overview and Level Annotations

Branches:
Dungeon (5/15)
 Temple: D:4-7

Altars:
Kikubaaqudgha

Annotations:
D:5 Sigmund


Innate Abilities, Weirdness & Mutations

You have extremely sharp teeth.
Your natural rate of healing is unusually fast.
When hurt, damage is shared between your health and your magic reserves.
Your bite disrupts and absorbs the magic of your enemies.
Potions cannot restore your health.


Message History

Trog accepts your kill.
The scorpion stings you but does no damage.
Sigmund closely misses you. The phantom closely misses you.
The phantom hits you. The scorpion stings you.
You are poisoned.
The scorpion poisons you!
Sigmund flickers, as though insubstantial.
Sigmund hits you from afar with a +0 scythe.
The phantom hits you! The phantom misses you.
An orc comes into view. It is wielding a +0 club.
Unknown command.
You feel very sick. The scorpion stings you!
The scorpion completely misses you.
An orc wizard comes into view. It is wielding a +0 dagger.
The phantom hits you but does no damage.
Unknown command.
Unknown command.
You feel sick.
The orc wizard shouts!
The scorpion stings you.
You are more poisoned.
The scorpion poisons you! The phantom hits you! The phantom barely misses you.
The scorpion stings you but does no damage.
Unknown command.
You feel very sick.
The phantom hits you but does no damage. x2
The scorpion misses you.
Unknown command.
You feel very sick. The phantom hits you.
* * * LOW HITPOINT WARNING * * *
The phantom blinks!
You blink.
The orc hits you with a +0 short sword.
* * * LOW HITPOINT WARNING * * *
Your skin crawls.
You feel strong-willed.
You feel yourself speed up.
You feel sick. The phantom barely misses you.
The orc hits you but does no damage. The orc wizard casts a spell at you.
The magic dart hits you!
You die...

#.## #.# ## .#.>#
#..####.# .....#.#####
##........ ##.......#..
......#.#
o....##..#.######.#..#.#
.......................<
..............###....#.#
.##...##W†#....#####.##.#
......oo@)...........##.#
.##..###os##..##.###.....
.......W..###...........#
.##.......# ###..##.#####
..<#####.## ###..##.# .
#§# #....##.# #†#
#.#.###.##### #.#
#.#.......... ###
#.#####.#####


You could see 2 phantoms, a scorpion, an orc wizard and 2 orcs.

Vanquished Creatures
  An acid dragon (D:5)
  An ogre (D:3)
  A howler monkey (D:3)
  A jelly (D:3)
  4 hounds
  3 iguanas
  A hound skeleton (D:4)
  A howler monkey zombie (D:5)
  4 adders
  2 adder skeletons (D:4)
  5 worms
  4 dart slugs
  4 orcs
  6 endoplasms
  4 giant cockroaches
  7 goblins
  4 hobgoblins
  4 jackals (D:1)
  3 quokkas
  3 ball pythons
  9 bats
  3 frilled lizards
  6 kobolds
  5 rats
86 creatures vanquished.

Notes
Turn   | Place    | Note
-------+----------+-------------------------------------------
     0 | D:1      | SnakkuSnakku7 the Vine Stalker Berserker began the quest
                  | for the Orb.
     0 | D:1      | Reached XP level 1. HP: 11/11 MP: 2/2
   127 | D:1      | Reached XP level 2. HP: 14/16 MP: 3/3
   181 | D:1      | Reached skill level 3 in Axes
   541 | D:1      | Reached XP level 3. HP: 9/20 MP: 4/4
   541 | D:1      | Reached ** piety under Trog
  1031 | D:2      | Found an ancient bone altar of Kikubaaqudgha.
  1409 | D:2      | Found a faded altar of an unknown god.
  1458 | D:2      | Gained mutation: Your natural rate of healing is unusually
                  | fast. [Vine Stalker growth]
  1458 | D:2      | Reached XP level 4. HP: 25/25 MP: 5/5
  1820 | D:3      | Reached skill level 4 in Axes
  1820 | D:3      | Reached XP level 5. HP: 29/29 MP: 3/6
  2111 | D:3      | Noticed an ogre
  2116 | D:3      | Killed an ogre
  2117 | D:3      | Reached XP level 6. HP: 34/34 MP: 7/7
  2705 | D:4      | Reached *** piety under Trog
  2716 | D:4      | Reached skill level 5 in Fighting
  3038 | D:4      | Reached skill level 5 in Axes
  3118 | D:5      | Entered Level 5 of the Dungeon
  3174 | D:5      | Noticed an acid dragon
  3178 | D:5      | Reached XP level 7. HP: 39/39 MP: 8/8
  3183 | D:5      | Reached skill level 6 in Axes
  3202 | D:5      | Noticed Sigmund
  3208 | D:5      | Killed from afar by an orc wizard

Illustrated notes

Levels and vault maps discovered:
D:1:      wander_arrival_abandoned_jail, layout_basic
D:2:      layout_basic, serial_aquarium, aquarium_bridge_straight
          [aquarium_subvault_bridge, aquarium_subvault_wall,
          aquarium_subvault_bridge, aquarium_subvault_wall], aquarium_window_1,
          aquarium_window_corridor_3, aquarium_view_2e, aquarium_view_2f,
          aquarium_pool_four, basic_altar,
          shapermc_ecumenical_altar_totnotflames
D:3:      layout_basic
D:4:      layout_basic
D:5:      layout_basic, uniq_sigmund

Skill      XL: |  1  2  3  4  5  6  7 |
---------------+----------------------+-----
Fighting       | 3 4 5 |  5.0
Axes           | 3 4 5 6 |  6.3
Armour         | |  1.5
Dodging        | |  1.5

Action                   |  1- 3 |  4- 6 |  7- 9 || total
-------------------------+-------+-------+-------++-------
Melee: Hand axe          |   108 |    66 |       ||   174
       Bite              |    25 |    26 |     9 ||    60
       War axe           |       |    20 |    17 ||    37
Invok: Berserk           |       |     3 |       ||     3
       Trog's Hand       |       |       |     1 ||     1
Armor: Animal skin       |    26 |     1 |       ||    27
       Scale mail        |       |    21 |    21 ||    42
Dodge: Dodged            |    84 |    40 |    28 ||   152
